 Dungeon Crawl Stone Soup version 0.22.0-38-g04b72b8 (webtiles) character file.

233 Bearstalker the Shield-Bearer (level 5, -2/46 HPs)
             Began as a Minotaur Fighter on Aug 27, 2018.
             Slain by Grinder (5 damage)
             ... on level 4 of the Dungeon.
             The game lasted 00:12:46 (3383 turns).

Bearstalker the Shield-Bearer (Minotaur Fighter)    Turns: 3383, Time: 00:12:46

Health: -2/46      AC:  7    Str: 22    XL:     5   Next: 74%
Magic:  4/4        EV:  8    Int:  5    God:
Gold:   128        SH: 10    Dex:  9    Spells: 4/4 levels left

rFire    . . .     SeeInvis .   a - +0 war axe
rCold    . . .     Gourm    .   c - +0 shield
rNeg     . . .     Faith    .   b - +0 scale mail
rPois    .         Spirit   .   (helmet restricted)
rElec    .         Reflect  .   (no cloak)
rCorr    .         Harm     .   (no gloves)
MR       .....                  (no boots)
Stlth    ..........             (no amulet)
HPRegen  0.15/turn              (no ring)
MPRegen  0.09/turn              (no ring)

@: no status effects
A: retaliatory headbutt, horns 2
a: no special abilities


You were on level 4 of the Dungeon.
You were not hungry.

You visited 2 branches of the dungeon, and saw 5 of its levels.

You collected 128 gold pieces.

Inventory:

Hand Weapons
 a - a +0 war axe (weapon)
Armour
 b - a +0 scale mail (worn)
 c - a +0 shield (worn)
Jewellery
 o - an uncursed ring of fire {unknown}
 w - an uncursed ring of protection from fire {unknown}
Scrolls
 e - 3 scrolls of immolation {unknown}
 g - 2 scrolls of teleportation {unknown}
 h - a scroll of amnesia {unknown}
 j - 4 scrolls of remove curse {unknown}
 k - 2 scrolls of enchant weapon {unknown}
 l - 3 scrolls of identify {unknown}
 m - 2 scrolls of magic mapping {unknown}
 u - a scroll of noise {unknown}
Potions
 d - a potion of might
 i - a potion of agility {unknown}
 n - a potion of heal wounds {unknown}
 p - a potion of lignification {unknown}
 q - 2 potions of cancellation {unknown}
 r - a potion of haste {unknown}
 s - a potion of degeneration {unknown}
 t - 2 potions of flight {unknown}
 v - 3 potions of brilliance {unknown}
Comestibles
 f - 6 rations


   Skills:
 + Level 4.3 Fighting
 + Level 4.1 Axes
 + Level 4.9 Armour
 + Level 1.1 Dodging
 + Level 0.2 Stealth
 + Level 5.5 Shields


You had 4 spell levels left.
You didn't know any spells.
Your spell library was empty.

Dungeon Overview and Level Annotations

Branches:
Dungeon (4/15)             Temple (1/1) D:4

Altars:
Ashenzari
Dithmenos
Elyvilon
Fedhas
Gozag
Kikubaaqudgha
Nemelex Xobeh
Okawaru
Qazlal
Ru
Sif Muna
Vehumet
Wu Jian
Xom
The Shining One

Annotations:
D:4 Grinder


Innate Abilities, Weirdness & Mutations

You reflexively headbutt those who attack you in melee.
You have a pair of horns on your head.


Message History

Okay, then.
Grinder gestures at you. Pain shoots through your body!
* * * LOW HITPOINT WARNING * * *
You hit Grinder.
Grinder is lightly wounded.
You block Grinder's attack.
You closely miss Grinder. Your headbutt misses Grinder.
Grinder is lightly wounded.
You block Grinder's attack.
You slash Grinder!
Grinder is heavily wounded.
Grinder blinks!
Grinder says, "Don't move a muscle."
Grinder gestures at you.
You barely resist. Grinder hits you.
* * * LOW HITPOINT WARNING * * *
You writhe in agony.
You die...

##........#
.....#........# .
....+........# ...
....#........# ###.
#...#........#
P8#.#####...#.......##
.≈#.........#.......#
###.........#.......#
≈o#...5@....#.......#
≈5#.........#)..>...#
≈.#.####'####.......####
≈.#.....................
≈.#.....................
5#(....................
.#.....................
##.....................
P#.##.........######'##


You could see Grinder, an orc priest and a shadow imp.

Vanquished Creatures
  Blork the orc (D:4)
  A bullfrog skeleton (D:4)
  A worker ant (D:4)
  3 adders
  2 oozes
  An adder skeleton (D:4)
  2 worms (D:2)
  2 dart slugs
  3 leopard geckos
  4 orcs (D:3)
  A ball python (D:3)
  3 giant cockroaches
  6 goblins
  3 hobgoblins
  9 jackals
  A quokka (D:3)
  11 bats
  4 frilled lizards
  2 kobolds
  2 rats
62 creatures vanquished.

Notes
Turn   | Place    | Note
-------+----------+-------------------------------------------
     0 | D:1      | Bearstalker the Minotaur Fighter began the quest for the Orb.
     0 | D:1      | Reached XP level 1. HP: 19/19 MP: 0/0
   357 | D:1      | Reached XP level 2. HP: 15/27 MP: 1/1
   477 | D:1      | Reached skill level 4 in Shields
  1194 | D:2      | Reached XP level 3. HP: 33/33 MP: 2/2
  1755 | D:2      | Found an opulent altar of Gozag.
  2233 | D:3      | Reached XP level 4. HP: 40/40 MP: 3/3
  2391 | D:3      | Reached skill level 5 in Shields
  2745 | D:4      | Found a staircase to the Ecumenical Temple.
  2840 | Temple   | Entered the Ecumenical Temple
  3153 | D:4      | Noticed Blork the orc
  3163 | D:4      | Killed Blork the orc
  3163 | D:4      | Reached XP level 5. HP: 35/46 MP: 4/4
  3210 | D:4      | Reached skill level 1 in Dodging
  3364 | D:4      | Noticed Grinder
  3371 | D:4      | Paralysed by Grinder for 5 turns
  3383 | D:4      | Slain by Grinder

Skill      XL: |  1  2  3  4  5 |
---------------+----------------+-----
Armour         | 4 |  4.9
Shields        | 4 5 |  5.5
Axes           | 3 4 |  4.1
Fighting       | 4 |  4.3
Dodging        | 1 |  1.1
Stealth        | |  0.2

Action                   |  1- 3 |  4- 6 || total
-------------------------+-------+-------++-------
Melee: War axe           |    66 |    58 ||   124
       Headbutt          |    10 |    12 ||    22
  Eat: Ration            |     1 |     1 ||     2
       Chunk             |       |     3 ||     3
Armor: Scale mail        |   137 |    24 ||   161
Dodge: Dodged            |    88 |    28 ||   116
Block: Shield            |   188 |    41 ||   229
